 Dungeon Crawl Stone Soup version 0.24-a0-537-g2d01d4ab0a (webtiles) character file.

Game seed: 5981838252918172972

92 Mithandil the Caller (level 4, -4/38 HPs)
             Began as a Gnoll Wanderer on Aug 13, 2019.
             Killed from afar by an orc wizard (9 damage)
             ... with a magic dart
             ... on level 3 of the Dungeon.
             The game lasted 00:15:02 (1974 turns).

Mithandil the Caller (Gnoll Wanderer)               Turns: 1974, Time: 00:15:02

Health: -4/38      AC:  6    Str: 14    XL:     4   Next: 60%
Magic:  2/8        EV: 15    Int: 23    God:
Gold:   133        SH:  0    Dex: 17    Spells: 6/9 levels left

rFire    . . .     SeeInvis .   a - +0 falchion
rCold    . . .     Gourm    .   (no shield)
rNeg     . . .     Faith    .   e - +0 ring mail
rPois    .         Spirit   .   (no helmet)
rElec    .         Reflect  .   s - +0 cloak
rCorr    .         Harm     .   (no gloves)
MR       .....                  (no boots)
Stlth    ++........             (no amulet)
HPRegen  0.12/turn              (no ring)
MPRegen  0.11/turn              (no ring)

@: brilliant, agile, lethally poisoned (-4 -> -18), very slightly contaminated,
slowed, very slow
A: distributed training, fangs 1, strong nose
a: no special abilities


You were on level 3 of the Dungeon.
You were hungry.

You visited 1 branch of the dungeon, and saw 3 of its levels.

You collected 133 gold pieces.

Inventory:

Hand Weapons
 a - a +0 falchion (weapon)
 b - a +0 shortbow
 q - a cursed -3 hunting sling
 v - a cursed -1 hand axe
Missiles
 k - 126 stones (quivered)
 l - 32 arrows
 m - 22 sling bullets
 o - 2 poisoned darts
 t - 15 bolts
Armour
 e - a +0 ring mail (worn)
 s - a +0 cloak (worn)
Jewellery
 p - an uncursed ring of wizardry {unknown}
Wands
 c - a wand of random effects (15)
Scrolls
 j - a scroll of random uselessness {unknown}
 n - 2 scrolls of magic mapping {unknown}
 r - 3 scrolls of teleportation {unknown}
 w - a scroll of amnesia {unknown}
Potions
 d - 2 potions of flight {unknown}
 g - 2 potions of heal wounds {unknown}
 h - a potion of agility
 i - 2 potions of brilliance
Comestibles
 f - 7 rations
 u - a chunk of flesh


   Skills:
 + Level 4.6 Fighting
 + Level 1.1 Short Blades
 + Level 1.1 Long Blades
 + Level 1.1 Axes
 + Level 1.1 Maces & Flails
 + Level 1.1 Polearms
 + Level 1.1 Staves
 + Level 1.1 Slings
 + Level 2.7 Bows
 + Level 1.1 Crossbows
 + Level 1.1 Throwing
 + Level 1.1 Armour
 + Level 1.1 Dodging
 + Level 1.1 Stealth
 + Level 2.7 Shields
 + Level 1.1 Unarmed Combat
 + Level 3.0 Spellcasting
 + Level 0.9 Conjurations
 + Level 0.9 Hexes
 + Level 0.9 Charms
 + Level 5.4 Summonings
 + Level 0.9 Necromancy
 + Level 0.9 Translocations
 + Level 0.9 Transmutations
 + Level 0.9 Fire Magic
 + Level 2.2 Ice Magic
 + Level 0.9 Air Magic
 + Level 0.9 Earth Magic
 + Level 0.9 Poison Magic
 + Level 1.2 Invocations
 + Level 2.7 Evocations


You had 6 spell levels left.
You knew the following spells:

 Your Spells              Type           Power        Failure   Level  Hunger
a - Throw Frost           Conj/Ice       ###...       2%          2    ##.....
b - Freeze                Ice            ####         1%          1    None

Your spell library contained the following spells:

 Spells                   Type           Power        Failure   Level  Hunger
 Ozocubu's Armour         Chrm/Ice       ###.....     4%          3    ###....
 Summon Ice Beast         Ice/Summ       #####...     5%          4    ####...
 Throw Icicle             Conj/Ice       ###.....     13%         4    ####...


Dungeon Overview and Level Annotations

Branches:
Dungeon (3/15)

Altars:
Fedhas


Innate Abilities, Weirdness & Mutations

Your experience applies equally to all skills.
You have very sharp teeth.
Your uncanny sense of smell can sniff out nearby items.


Message History

The orc wizard is severely wounded.
* * * LOW HITPOINT WARNING * * *
You feel very sick. The orc hits you but does no damage.
The orc wizard casts a spell.
The orc wizard blinks!
The orc hits you but does no damage. The orc closely misses you.
It was a potion of brilliance.
You feel clever all of a sudden.
* * * LOW HITPOINT WARNING * * *
You feel sick. The orc barely misses you. The orc hits you but does no damage.
It was a potion of agility.
You feel agile all of a sudden.
* * * LOW HITPOINT WARNING * * *
You feel sick. The orc closely misses you.
* * * LOW HITPOINT WARNING * * *
You feel sick.
The orc wizard points at you and mumbles some strange words.
The magic dart hits you!
You die...

#....##...###..P.P #. ∆
##.####..#.##.....P #.
#..###..#.)<..#..♣♣ #.#
#....#.#..)####.♣ ###..##
####(#...#.# #.P
#.......#######(..###.#
#P♣♣ ... ........)((......
#.P
.#####.####.....).###.#.##
##.
............oo.@......#.#
#.
#######..#.....######.#.#
#. ##.#<#.o## #.# #.
###.......# ## #.
#####.....(.#.. .##.# #.
.#.....#..#..#####....> #.
#..................# #.
...#..###..........# #. ..
##........<.....## #.


You could see an orc wizard and 2 orcs.

Vanquished Creatures
  3 adders
  2 oozes (D:2)
  2 orcs (D:3)
  4 giant cockroaches
  5 hobgoblins
  8 jackals
  A quokka (D:2)
  6 bats
  5 frilled lizards
  6 goblins
  5 kobolds
  7 rats
54 creatures vanquished.

Notes
Turn   | Place    | Note
-------+----------+-------------------------------------------
     0 | D:1      | Mithandil the Gnoll Wanderer began the quest for the Orb.
     0 | D:1      | Mithandil set off with the following items: a +0 club, a +0
                  | ring mail, a wand of random effects (15), a ration; and the
                  | following spell memorised: Freeze; and the following spells
                  | available to memorise: Throw Frost, Ozocubu's Armour,
                  | Summon Ice Beast, Throw Icicle
     0 | D:1      | Reached XP level 1. HP: 20/20 MP: 4/4
   169 | D:1      | Reached XP level 2. HP: 22/26 MP: 2/5
   173 | D:1      | Learned a level 2 spell: Throw Frost
   485 | D:2      | Found a blossoming altar of Fedhas.
   703 | D:2      | Reached XP level 3. HP: 31/31 MP: 1/7
   859 | D:2      | Reached skill level 1 in Invocations
  1017 | D:2      | Reached skill level 1 in Short Blades
  1017 | D:2      | Reached skill level 1 in Long Blades
  1017 | D:2      | Reached skill level 1 in Axes
  1017 | D:2      | Reached skill level 1 in Maces & Flails
  1017 | D:2      | Reached skill level 1 in Polearms
  1017 | D:2      | Reached skill level 1 in Staves
  1017 | D:2      | Reached skill level 1 in Slings
  1017 | D:2      | Reached skill level 1 in Crossbows
  1017 | D:2      | Reached skill level 1 in Throwing
  1017 | D:2      | Reached skill level 1 in Armour
  1017 | D:2      | Reached skill level 1 in Dodging
  1017 | D:2      | Reached skill level 1 in Stealth
  1017 | D:2      | Reached skill level 1 in Unarmed Combat
  1130 | D:2      | Reached XP level 4. HP: 36/38 MP: 6/8
  1974 | D:3      | Killed from afar by an orc wizard

Levels and vault maps discovered:
D:1:      denvon_arrival_planthouse, layout_rooms
D:2:      layout_loops_ring, fedhas_altar_1
D:3:      layout_rooms, serial_forest, infiniplex_forest_clump_cross,
          infiniplex_forest_clump_medium, infiniplex_forest_diagonal,
          infiniplex_forest_clump_small, infiniplex_forest_clump_double,
          infiniplex_forest_clump_tiny, infiniplex_forest_lined_corner,
          first_ration

Skill      XL: |  1  2  3  4 |
---------------+-------------+-----
Ice Magic      | 2 |  2.2
Invocations    | 1 |  1.2
Short Blades   | 1 |  1.1
Long Blades    | 1 |  1.1
Axes           | 1 |  1.1
Maces & Flails | 1 |  1.1
Polearms       | 1 |  1.1
Staves         | 1 |  1.1
Slings         | 1 |  1.1
Crossbows      | 1 |  1.1
Throwing       | 1 |  1.1
Armour         | 1 |  1.1
Dodging        | 1 |  1.1
Stealth        | 1 |  1.1
Unarmed Combat | 1 |  1.1
Spellcasting   | 3 |  3.0
Fighting       | |  4.6
Bows           | |  2.7
Shields        | |  2.7
Conjurations   | |  0.9
Hexes          | |  0.9
Charms         | |  0.9
Summonings     | |  5.4
Necromancy     | |  0.9
Translocations | |  0.9
Transmutations | |  0.9
Fire Magic     | |  0.9
Air Magic      | |  0.9
Earth Magic    | |  0.9
Poison Magic   | |  0.9
Evocations     | |  2.7

Action                   |  1- 3 |  4- 6 || total
-------------------------+-------+-------++-------
Melee: Dagger            |    27 |       ||    27
       Club              |     6 |       ||     6
       Short sword       |     9 |       ||     9
       Bite              |     6 |    11 ||    17
       Falchion          |    61 |    53 ||   114
       Punch             |     1 |       ||     1
 Fire: Shortbow          |     5 |     4 ||     9
Throw: Stone             |     1 |       ||     1
 Cast: Freeze            |     4 |       ||     4
       Throw Frost       |    11 |     3 ||    14
  Use: Potion            |       |     2 ||     2
  Eat: Chunk             |     2 |     2 ||     4
Armor: Ring mail         |    43 |    51 ||    94
Dodge: Dodged            |    60 |    62 ||   122
       Rpst.: Falchion   |    16 |    13 ||    29

Table legend:
 A = Non-vault XP
 B = Vault XP
 C = Vault XP percentage of total XP
 D = Non-vault monster count
 E = Vault monster count
 F = Vault count percentage of total count
                 A         B        C        D         E       F
            +---------+---------+-------+---------+---------+-------
      Total |     132 |       0 |   0.0 |      54 |       0 |   0.0
            +---------+---------+-------+---------+---------+-------
        D:1 |      14 |       0 |   0.0 |      11 |       0 |   0.0
        D:2 |      72 |       0 |   0.0 |      24 |       0 |   0.0
        D:3 |      46 |       0 |   0.0 |      19 |       0 |   0.0
            +---------+---------+-------+---------+---------+-------
